[Event "ICC tourney 2148 (70 10)"]
[Site "Internet Chess Club"]
[Date "2020.11.21"]
[Round "1"]
[White "dolphins4life"]
[Black "GoodOldBell"]
[Result "1-0"]
[ICCResult "Black checkmated"]
[WhiteElo "1478"]
[BlackElo "1312"]
[Opening "Sicilian: Alapin's variation (2.c3)"]
[ECO "B22"]
[NIC "SI.46"]
[Time "12:39:44"]
[TimeControl "4200+10"]

1. e4 c5 2. c3 d6 3. d4 cxd4 4. cxd4 Nf6 5. Nc3 Nc6 6. Bb5 Bd7 7. Nf3 a6 8.
Ba4 e6 9. Be3 Be7 10. O-O O-O 11. Rc1 Rc8 12. d5 exd5 13. exd5 Ne5 14. Nxe5
Bxa4 15. Nxa4 Rxc1 16. Qxc1 dxe5 17. Rd1 Qa5 18. Nc3 Rd8 19. h3 Nxd5 20.
Nxd5 Rxd5 21. Rxd5 Qxd5 22. Qc8+ Bf8 23. b4 Qc6 24. Qa8 h6 25. Bc5 Kh7 26.
Qxf8 b6 27. Qd6 Qa4 28. Bxb6 Qxa2 29. Qxe5 Qb1+ 30. Kh2 Qxb4 31. Bd4 f6 32.
Qf5+ Kg8 33. Qe6+ Kh7 34. Be3 a5 35. Qb6 Qa3 36. Bd2 a4 37. Qb4 Qa2 38. Be3
Qa1 39. Bd4 Qd1 40. Bc5 Qd5 41. Bf8 Qe5+ 42. f4 Qa1 43. Qa3 Qd4 44. Qb4 Qa1
45. Qe7 f5 46. Qe5 Qb1 47. Qxg7# {Black checkmated} 1-0

[Event "ICC tourney 2148 (70 10)"]
[Site "Internet Chess Club"]
[Date "2020.11.21"]
[Round "1"]
[White "Wubbs"]
[Black "theSwishyj"]
[Result "1-0"]
[ICCResult "Black checkmated"]
[WhiteElo "1478"]
[BlackElo "1312"]
[Opening "QGD semi-Slav"]
[ECO "D43"]
[NIC "SL.03"]
[Time "12:39:38"]
[TimeControl "4200+10"]

1. d4 d5 2. c4 c6 3. Nf3 Nf6 4. Nc3 e6 5. a3 Be7 6. Bf4 b6 7. b4 dxc4 8. b5
Nd5 9. Nxd5 cxd5 10. e4 Bd7 11. a4 Bb4+ 12. Ke2 a6 13. Rb1 Ba5 14. Bd6 dxe4
15. Nd2 Bxd2 16. Kxd2 axb5 17. axb5 Qc8 18. Qc2 f5 19. Qxc4 Qxc4 20. Bxc4
Kf7 21. Ra1 Rxa1 22. Rxa1 Be8 23. Bxb8 Bd7 24. Be5 Rc8 25. Rc1 g5 26. f3
exf3 27. gxf3 Kg6 28. Bd3 Rxc1 29. Kxc1 h5 30. h3 g4 31. fxg4 hxg4 32. hxg4
Kg5 33. gxf5 exf5 34. Kd2 f4 35. Bf1 Kg4 36. Ke1 Kf3 37. Bc7 Bxb5 38. Bxb5
Ke4 39. Bxb6 f3 40. Bc6+ Kf4 41. Bxf3 Kxf3 42. d5 Ke4 43. d6 Ke5 44. d7 Ke6
45. d8=Q Kf7 46. Qd6 Ke8 47. Qc7 Kf8 48. Bc5+ Ke8 49. Qe7# {Black
checkmated} 1-0

[Event "ICC tourney 2148 (70 10)"]
[Site "Internet Chess Club"]
[Date "2020.11.21"]
[Round "1"]
[White "AtharvRB"]
[Black "Nani123"]
[Result "0-1"]
[ICCResult "White checkmated"]
[WhiteElo "1151"]
[BlackElo "1070"]
[Opening "Queen's pawn game"]
[ECO "D02"]
[NIC "QP.08"]
[Time "12:39:34"]
[TimeControl "4200+10"]

1. d4 d5 2. Nf3 Bf5 3. Bf4 e6 4. e3 Nf6 5. Bd3 Bg6 6. c3 Nbd7 7. Na3 c6 8.
Qe2 Be7 9. Nc2 Qb6 10. b3 a5 11. Ne5 Nxe5 12. Bxe5 Bxd3 13. Qxd3 c5 14. h3
cxd4 15. cxd4 Rc8 16. O-O O-O 17. Rac1 Qa7 18. Rfd1 a4 19. bxa4 Qxa4 20. Ne1
Nd7 21. Nf3 f6 22. Bh2 Qxa2 23. Rb1 b6 24. Ra1 Qc4 25. Qxc4 dxc4 26. Rdc1 b5
27. Ra5 b4 28. Nd2 Nb6 29. Rb5 Rc6 30. Bc7 Nd5 31. Ba5 c3 32. Nb3 Bd6 33.
Ra1 Rfc8 34. Nc1 c2 35. Kf1 Rc3 36. Ke1 f5 37. Kd2 R3c4 38. Ra2 b3 39. Rxb3
Bb4+ 40. Bxb4 Nxb4 41. Rab2 Nd5 42. Ra3 f4 43. exf4 Rxd4+ 44. Ke1 Rd1+ 45.
Ke2 Nxf4+ 46. Kf3 Rxc1 47. Kxf4 Rb1 48. Rab3 Rxb2 49. Rxb2 c1=Q+ 50. Ke5
Qxb2+ 51. Kxe6 Re8+ 52. Kd7 Rf8 53. Kd6 Rf6+ 54. Kd5 Qb5+ 55. Ke4 Re6+ 56.
Kf3 Qd3+ 57. Kg4 Re4+ 58. Kf5 Qd5# {White checkmated} 0-1

[Event "ICC tourney 2148 (70 10)"]
[Site "Internet Chess Club"]
[Date "2020.11.21"]
[Round "1"]
[White "GregMA"]
[Black "Ldon22"]
[Result "1/2-1/2"]
[ICCResult "Game drawn by mutual agreement"]
[WhiteElo "1223"]
[BlackElo "806"]
[Opening "Sicilian: accelerated fianchetto, modern variation"]
[ECO "B34"]
[NIC "SI.33"]
[Time "12:39:21"]
[TimeControl "4200+10"]

1. e4 c5 2. Nf3 Nc6 3. d4 cxd4 4. Nxd4 g6 5. Nc3 Bg7 6. Nxc6 bxc6 7. Bd2 Qb6
8. Rb1 Nf6 9. Bd3 O-O 10. O-O d5 11. exd5 cxd5 12. Bg5 e6 13. Qf3 Nd7 14. h4
Bb7 15. Ne2 e5 16. Qh3 Bc8 17. c3 Nf6 18. Qh1 Ng4 19. h5 e4 20. Bc2 Ba6 21.
Bd1 Bd3 22. Nd4 Nf6 23. h6 Bh8 24. Be3 Qb7 25. Ba4 Qa6 26. Nc6 Rfe8 27. b3
Bxf1 28. Nb4 Qc8 29. Bxe8 Nxe8 30. Rxf1 Qxc3 31. Nxd5 Qa5 32. Ne7+ Kf8 33.
Qh4 Bf6 34. Qxe4 Qd8 35. Bc5 {Game drawn by mutual agreement} 1/2-1/2

[Event "ICC tourney 2148 (70 10)"]
[Site "Internet Chess Club"]
[Date "2020.11.21"]
[Round "1"]
[White "jorgestgo"]
[Black "gravesal33"]
[Result "1-0"]
[ICCResult "Black resigns"]
[WhiteElo "1478"]
[BlackElo "1312"]
[Opening "Philidor's defense"]
[ECO "C41"]
[NIC "KP.10"]
[Time "12:39:42"]
[TimeControl "4200+10"]

1. e4 e5 2. Nf3 d6 3. h3 Be7 4. Bc4 Nf6 5. d3 O-O 6. O-O h6 7. Nc3 c5 8. Nd5
Nc6 9. a3 Bd7 10. Bd2 Nxd5 11. Bxd5 Qb6 12. Bc3 Nd8 13. Qd2 Be6 14. Ba5 Qb5
15. a4 Qd7 16. Bxe6 Nxe6 17. b3 b6 18. Bc3 Nf4 19. Qe3 Qd8 20. Nd2 Bg5 21.
Qf3 Ne6 22. Nc4 Nd4 23. Bxd4 cxd4 24. Qg4 d5 25. exd5 Qxd5 26. Rfe1 Rfe8 27.
Re2 Re6 28. Rae1 Rae8 29. b4 b5 30. axb5 Qxb5 31. g3 Bd8 32. f4 Rg6 33. Qf5
Rxg3+ 34. Kh2 g6 35. Qxf7+ Kxf7 36. Nd6+ Kg7 37. Nxb5 Bh4 38. Rf1 Re3 39.
Rg2 exf4 40. Rxf4 Re2 41. Rxh4 Rxg2+ 42. Kxg2 Re2+ 43. Kg3 Rxc2 44. Rxd4 Rc8
45. Re4 Rb8 46. Nxa7 Rb7 47. Nc6 Kf6 48. d4 Kf5 49. Re5+ Kf6 50. h4 Rb6 51.
d5 Rb5 52. Kg4 h5+ 53. Kf4 Kf7 54. Kg5 Rb7 55. Nd8+ {Black resigns} 1-0

[Event "ICC tourney 2148 (70 10)"]
[Site "Internet Chess Club"]
[Date "2020.11.21"]
[Round "1"]
[White "bendalbey"]
[Black "Maximusiv"]
[Result "1-0"]
[ICCResult "Black checkmated"]
[WhiteElo "1446"]
[BlackElo "1152"]
[Opening "Queen's pawn: London system"]
[ECO "A45"]
[NIC "QP.07"]
[Time "12:54:12"]
[TimeControl "4200+10"]

1. d4 Nf6 2. Bf4 c5 3. c3 g6 4. Nf3 Bg7 5. e3 cxd4 6. cxd4 O-O 7. Be2 Qa5+
8. Nbd2 Nc6 9. a3 Re8 10. O-O d5 11. Ne5 Bf5 12. b4 Qd8 13. h4 Rc8 14. h5
Nxe5 15. dxe5 Ne4 16. Bg4 Nc3 17. Qf3 Be4 18. Nxe4 dxe4 19. Qh3 e6 20. hxg6
hxg6 21. g3 Qc7 22. Kg2 Bxe5 23. Rh1 f5 24. Qh6 Bxf4 25. Qh8+ Kf7 26. Rh7#
{Black checkmated}
1-0

[Event "ICC tourney 2148 (70 10)"]
[Site "Internet Chess Club"]
[Date "2020.11.21"]
[Round "1"]
[White "joshbleicher"]
[Black "shalinblitz"]
[Result "1/2-1/2"]
[ICCResult "Game drawn by mutual agreement"]
[WhiteElo "1428"]
[BlackElo "1508"]
[Opening "Scotch: Potter variation"]
[ECO "C45"]
[NIC "SO.05"]
[Time "12:39:42"]
[TimeControl "4200+10"]

1. e4 e5 2. Nf3 Nc6 3. d4 exd4 4. Nxd4 Bc5 5. Nb3 Be7 6. Bc4 Nf6 7. Nc3 d6
8. O-O Be6 9. Bd5 Qd7 10. Re1 O-O 11. Bf4 Rad8 12. Qd3 Nb4 13. Qd2 Nbxd5 14.
Nxd5 Nxd5 15. exd5 Bf5 16. c4 c6 17. Nd4 Bg6 18. Bg5 Rfe8 19. Bxe7 Rxe7 20.
Rxe7 Qxe7 21. dxc6 Qc7 22. b3 bxc6 23. Re1 h6 24. Qf4 Qa5 25. Ra1 Qb6 26.
Nf5 Bxf5 27. Qxf5 d5 28. Qc2 dxc4 29. Qxc4 Rd2 30. Qf4 Qd4 31. Qxd4 Rxd4 32.
g3 Rd2 33. a3 Rb2 34. b4 Rb3 35. Kg2 Kf8 36. Ra2 g5 37. Rc2 Rxa3 38. Rxc6
Kg7 39. Rc4 Ra4 40. Rc7 Kg6 41. Rb7 h5 42. h4 f6 43. hxg5 fxg5 44. b5 Ra2
45. b6 axb6 46. Rxb6+ Kf5 47. Rb5+ Kg4 48. Rb4+ Kf5
{Game drawn by mutual agreement}
1/2-1/2

[Event "ICC tourney 2148 (70 10)"]
[Site "Internet Chess Club"]
[Date "2020.11.21"]
[Round "1"]
[White "dancingmoose3"]
[Black "vivekanand"]
[Result "1-0"]
[ICCResult "Black checkmated"]
[WhiteElo "1389"]
[BlackElo "1285"]
[Opening "French: advance, Paulsen attack"]
[ECO "C02"]
[NIC "FR.03"]
[Time "12:39:14"]
[TimeControl "4200+10"]

1. e4 e6 2. d4 d5 3. e5 c5 4. c3 Nc6 5. Nf3 cxd4 6. cxd4 Bd7 7. Be2 Nge7 8.
O-O g6 9. Bg5 h6 10. Bf6 Rg8 11. Qd2 g5 12. Bd3 Bg7 13. Bh7 Rh8 14. Bxg7
Rxh7 15. Bf6 Qc7 16. h4 g4 17. Ne1 Nf5 18. Qc2 Qb6 19. Nc3 Ncxd4 20. Qb1 Nb5
21. Na4 Qc7 22. f3 g3 23. f4 Nbd4 24. Nc3 Qb6 25. Kh1 Nc6 26. Nf3 Nce7 27.
h5 Ng8 28. Nh4 Nxf6 29. Nxf5 exf5 30. exf6 Be6 31. Re1 Kd7 32. Nxd5 Qc6 33.
Ne7 Qc7 34. Qd3+ Ke8 35. Nxf5 Qxf4 36. Ng7+ Rxg7 37. fxg7 Ke7 38. Qa3+ Qd6
39. Qxd6+ Kxd6 40. Rad1+ Ke7 41. Rd3 Rg8 42. Rxg3 f5 43. Rg6 Kf7 44. Rexe6
Rxg7 45. Rxg7+ Kxg7 46. Re7+ Kf6 47. Rxb7 Ke5 48. Rh7 Ke4 49. Rxh6 f4 50.
Rf6 Ke5 51. Rf8 Ke4 52. h6 f3 53. Rxf3 Ke5 54. h7 Ke4 55. h8=Q Kd5 56. Qh4
Ke6 57. Qd4 a6 58. Re3+ Kf5 59. Re5+ Kf6 60. Qd6+ Kf7 61. Re7+ Kf8 62. Qd8#
{Black checkmated}
1-0

[Event "ICC tourney 2148 (70 10)"]
[Site "Internet Chess Club"]
[Date "2020.11.21"]
[Round "1"]
[White "NEPTR"]
[Black "Purpleshenice"]
[Result "1-0"]
[ICCResult "Black checkmated"]
[WhiteElo "1478"]
[BlackElo "1312"]
[Opening "Two knights defense"]
[ECO "C55"]
[NIC "IG.01"]
[Time "12:39:25"]
[TimeControl "4200+10"]

1. e4 e5 2. Nf3 Nc6 3. Bc4 Nf6 4. d4 Bd6 5. Nc3 O-O 6. O-O Rb8 7. Bg5 Qe8 8.
Bxf6 gxf6 9. Nb5 a6 10. Nxd6 cxd6 11. c3 b5 12. Bb3 exd4 13. Nxd4 Qxe4 14.
Nxc6 dxc6 15. Qxd6 Bf5 16. Qxf6 Rbe8 17. Qg5+ Kh8 18. Rac1 Rg8 19. Qf6+ Rg7
20. f3 Qe3+ 21. Kh1 Qe2 22. Rg1 Be6 23. Rc2 Qe3 24. Bxe6 Rxe6 25. Qd4 Qg5
26. Rd2 Qg6 27. Qb6 Qg5 28. Rd8+ Rg8 29. Rxg8+ Qxg8 30. Qxa6 Re2 31. Qxc6
Rxb2 32. Qf6+ Qg7 33. Qxg7+ Kxg7 34. h3 Rxa2 35. Rc1 Rb2 36. Kg1 b4 37. cxb4
Rxb4 38. Kf2 Rb2+ 39. Ke3 Rxg2 40. Kf4 Rh2 41. Kg4 h5+ 42. Kh4 Kg6 43. Rg1+
Kh6 44. Rf1 Rd2 45. f4 Rd4 46. Rf3 f5 47. Kg3 Rd8 48. Rc3 Rg8+ 49. Kh4 Re8
50. Rc6+ Kh7 51. Kxh5 Re3 52. h4 Rf3 53. Kg5 Rh3 54. Rc7+ Kg8 55. Kg6 Rxh4
56. Rc8# {Black checkmated} 1-0

[Event "ICC tourney 2148 (70 10)"]
[Site "Internet Chess Club"]
[Date "2020.11.21"]
[Round "1"]
[White "usaworldcop2020"]
[Black "unigirl314"]
[Result "1-0"]
[ICCResult "Black checkmated"]
[WhiteElo "1357"]
[BlackElo "887"]
[Opening "Benko's opening"]
[ECO "A00"]
[NIC "VO.09"]
[Time "12:39:30"]
[TimeControl "4200+10"]

1. g3 e5 2. Bg2 Nc6 3. d3 Bc5 4. Nf3 d6 5. O-O Nf6 6. Nc3 Be6 7. e4 d5 8.
exd5 Nxd5 9. Nxd5 Bxd5 10. Re1 f6 11. c3 O-O 12. Be3 Bxe3 13. Rxe3 Qd7 14.
d4 exd4 15. Nxd4 Bxg2 16. Kxg2 Nxd4 17. cxd4 Rad8 18. Rd3 Qd5+ 19. Kg1 c5
20. Qa4 Qe4 21. Rad1 cxd4 22. Rxd4 Rxd4 23. Qxd4 Qxd4 24. Rxd4 Rb8 25. Rd7
h6 26. Kg2 Kh7 27. Kf3 Kg8 28. Kf4 a6 29. Kf5 Kh7 30. h4 b5 31. Ra7 Rc8 32.
Rxa6 Rc2 33. b3 Rxf2+ 34. Ke4 Rc2 35. Rb6 Rxa2 36. Rxb5 Re2+ 37. Kf3 Re6 38.
Rb7 Re8 39. b4 Kg8 40. b5 Kh7 41. b6 Rc8 42. Rc7 Rb8 43. b7 Kg6 44. Kf4 f5
45. Rc6+ Kh7 46. Rb6 g6 47. Ke5 Kg7 48. Kd6 Rd8+ 49. Kc7 Re8 50. b8=Q Rxb8
51. Kxb8 g5 52. h5 f4 53. gxf4 gxf4 54. Rg6+ Kh7 55. Rg1 f3 56. Rf1 Kh8 57.
Rxf3 Kh7 58. Rg3 Kh8 59. Kc7 Kh7 60. Rg6 Kh8 61. Rxh6+ Kg7 62. Rg6+ Kh7 63.
Kd6 Kh8 64. Ke6 Kh7 65. Kf7 Kh8 66. Rh6# {Black checkmated} 1-0

[Event "ICC tourney 2148 (70 10)"]
[Site "Internet Chess Club"]
[Date "2020.11.21"]
[Round "1"]
[White "leonlunachen"]
[Black "DavidFantin"]
[Result "1-0"]
[ICCResult "Black resigns"]
[WhiteElo "1321"]
[BlackElo "1134"]
[Opening "French: advance, Paulsen attack"]
[ECO "C02"]
[NIC "FR.03"]
[Time "12:39:33"]
[TimeControl "4200+10"]

1. e4 e6 2. d4 d5 3. e5 c5 4. c3 Nc6 5. Nf3 Qb6 6. a3 c4 7. Nbd2 Na5 8. Rb1
Nb3 9. Nxb3 cxb3 10. c4 Qa5+ 11. Bd2 Qa4 12. c5 Ne7 13. Bd3 Nc6 14. Bc3 a6
15. O-O Be7 16. Rc1 Bd8 17. Bb1 Bd7 18. Qd2 Na5 19. Bd3 Bb5 20. Bb4 Bxd3 21.
Qxd3 Nc4 22. Bc3 Rc8 23. Nd2 b5 24. Nxc4 Qxc4 25. Qxc4 bxc4 26. f4 O-O 27.
f5 Bg5 28. Rcd1 h5 29. f6 gxf6 30. exf6 Kh7 31. g3 h4 32. g4 h3 33. Rf3 Kg6
34. Rdf1 Rh8 35. Be1 Rh6 36. Bg3 Rch8 37. Kf2 Bxf6 38. Kg1 Bxd4+ 39. Kh1 f6
40. Bf2 Bxb2 41. Be3 Rh4 42. Rg3 c3 43. Bd4 e5 44. Bxc3 Bxa3 45. Rgf3 Rxg4
46. Rxf6+ Kh5 47. Bxe5 Bxc5 48. R6f5+ Kg6 49. Bxh8 Bg1 50. Rf6+ Kh7 51. Rxg1
Rxg1+ 52. Kxg1 b2 53. Rb6 Kxh8 54. Rxb2 a5 55. Rb5 d4 56. Rxa5 d3 57. Rd5
Kg7 58. Rxd3 Kf6 59. Rxh3 {Black resigns} 1-0

[Event "ICC tourney 2148 (70 10)"]
[Site "Internet Chess Club"]
[Date "2020.11.21"]
[Round "1"]
[White "ccec28"]
[Black "WhitneyYocps2"]
[Result "0-1"]
[ICCResult "White resigns"]
[WhiteElo "1245"]
[BlackElo "1291"]
[Opening "Sicilian defense"]
[ECO "B30"]
[NIC "SI.31"]
[Time "12:39:15"]
[TimeControl "4200+10"]

1. e4 c5 2. Nf3 Nc6 3. Bc4 e6 4. Nc3 Nf6 5. d4 cxd4 6. Nxd4 Bb4 7. Qd3 Ne5
8. Qg3 Bxc3+ 9. bxc3 Qa5 10. Be2 Nxe4 11. Qxg7 Qxc3+ 12. Kf1 Ng6 13. Rb1 b6
14. h4 Rf8 15. Rh3 Qc7 16. h5 Qe5 17. Qh6 Qxd4 18. Rf3 Ne5 19. Ba3 Nd2+ 20.
Kg1 Ndxf3+ 21. gxf3 Rg8+ 22. Kf1 Nc6 23. Bb2 Qh4 24. Ke1 Rg1+ 25. Bf1 Rxf1+
26. Kxf1 Qh1+ 27. Ke2 Qxb1 28. Ba3 Qxc2+ 29. Kf1 Ba6+ 30. Kg2 O-O-O 31. Qf4
Rg8+ 32. Kh3 Bf1+ 33. Kh4 Qxf2+ {White resigns} 0-1

[Event "ICC tourney 2148 (70 10)"]
[Site "Internet Chess Club"]
[Date "2020.11.21"]
[Round "1"]
[White "truelegend17"]
[Black "siddy"]
[Result "1-0"]
[ICCResult "Black checkmated"]
[WhiteElo "1183"]
[BlackElo "1098"]
[Opening "Petrov's defense"]
[ECO "C42"]
[NIC "RG.01"]
[Time "12:39:30"]
[TimeControl "4200+10"]

1. e4 e5 2. Nf3 Nf6 3. d3 d5 4. Bg5 Be7 5. Nc3 O-O 6. Bxf6 Bxf6 7. Nxd5 Be7
8. Nxe5 Bb4+ 9. c3 Bd6 10. Nc4 Bc5 11. b4 c6 12. Nde3 Bd6 13. Nxd6 Qxd6 14.
Nc4 Qh6 15. Be2 Bh3 16. gxh3 Qg5 17. Bf3 b5 18. Ne3 Re8 19. Ke2 Na6 20. Nf5
c5 21. Rg1 Qf6 22. Rxg7+ Kf8 23. Qg1 Qxg7 24. Qxg7# {Black checkmated} 1-0

[Event "ICC tourney 2148 (70 10)"]
[Site "Internet Chess Club"]
[Date "2020.11.21"]
[Round "1"]
[White "shawnchicken"]
[Black "apiguponarock"]
[Result "0-1"]
[ICCResult "White forfeits on time"]
[WhiteElo "1405"]
[BlackElo "1531"]
[Opening "Nimzo-Indian: classical, Noa variation"]
[ECO "E34"]
[NIC "NI.23"]
[Time "12:39:43"]
[TimeControl "4200+10"]

1. d4 Nf6 2. c4 e6 3. Nc3 Bb4 4. Qc2 d5 5. Bg5 h6 6. Bh4 Nc6 7. Nf3 O-O 8.
e3 Be7 9. a3 Nh7 10. Bxe7 Nxe7 11. Bd3 Nf6 12. O-O dxc4 13. Bxc4 Ned5 14.
Nxd5 Nxd5 15. Bxd5 exd5 16. Rac1 c6 17. Rfe1 Re8 18. b4 a6 19. Qc5 Bf5 20.
a4 Re7 21. a5 Re6 22. Qc3 h5 23. Kh1 g5 24. Qd2 g4 25. Ne5 Qh4 26. Kg1 f6
27. Nd3 Kh8 28. Nf4 Re7 29. Qe2 Qg5 30. f3 Rae8 31. Qf2 h4 32. fxg4 Bxg4 33.
h3 Bf5 34. Rc3 Be4 35. Rb3 f5 36. Qe2 Rg8 37. Rb2 Rh7 38. Ne6 Qg3 39. Nc5
Qxh3 40. Nxe4 fxe4 41. Qf2 Rhg7 42. Qf6 Kh7 {White forfeits on time} 0-1

[Event "ICC tourney 2148 (70 10)"]
[Site "Internet Chess Club"]
[Date "2020.11.21"]
[Round "1"]
[White "MegaSprout"]
[Black "wanderingeigeas"]
[Result "0-1"]
[ICCResult "White resigns"]
[WhiteElo "1205"]
[BlackElo "1179"]
[Opening "French: Winawer, advance variation"]
[ECO "C17"]
[NIC "FR.10"]
[Time "12:39:51"]
[TimeControl "4200+10"]

1. e4 e6 2. d4 d5 3. Nc3 Bb4 4. e5 c5 5. Nf3 Nc6 6. Bb5 Qb6 7. Bxc6+ bxc6 8.
O-O cxd4 9. Qxd4 Bc5 10. Qh4 Ne7 11. Na4 Qb4 12. Nxc5 Qxc5 13. c3 Nf5 14.
Qf4 Ba6 15. Re1 Rb8 16. g4 Ne7 17. Be3 Qa5 18. b4 Qc7 19. Qd4 Rb7 20. h4 h5
21. gxh5 Nf5 22. Qg4 Nxe3 23. Rxe3 Qe7 24. Ng5 Kd7 25. f4 Rbb8 26. a4 Rhg8
27. b5 Qc5 28. Qf3 cxb5 29. Kg2 Bb7 30. Rd3 d4 31. Rxd4+ Qxd4 32. Qxb7+ Rxb7
33. cxd4 f6 34. Nf3 b4 35. Rb1 a5 36. Nd2 Rh8 37. Nb3 Ra7 38. Nc5+ Ke7 39.
exf6+ gxf6 40. Kg3 Kd6 41. Ne4+ Kd5 42. Nxf6+ Kxd4 43. Rd1+ Kc3 44. Ne4+ Kb3
45. Nc5+ Ka2 46. Rd2+ Ka3 47. Rd3+ Ka2 48. Rd2+ Kb1 49. Nd3 Rc7 50. Kf3 Rc3
51. Ke2 Rxh5 52. Rd1+ Ka2 53. Rd2+ Ka3 {White resigns} 0-1

[Event "ICC tourney 2148 (70 10)"]
[Site "Internet Chess Club"]
[Date "2020.11.21"]
[Round "1"]
[White "missqueen"]
[Black "aWildNateDawg"]
[Result "1-0"]
[ICCResult "Black resigns"]
[WhiteElo "1131"]
[BlackElo "1447"]
[Opening "Scotch gambit: Benima defense"]
[ECO "C50"]
[NIC "IG.03"]
[Time "12:40:05"]
[TimeControl "4200+10"]

1. e4 e5 2. Nf3 Nc6 3. Bc4 Be7 4. d4 exd4 5. Nxd4 d6 6. Nc3 Nxd4 7. Qxd4 Bf6
8. Qd3 Ne7 9. O-O O-O 10. Be3 Re8 11. Rad1 Nc6 12. Bd5 Be6 13. Bxe6 fxe6 14.
f3 a6 15. f4 Qe7 16. h3 Rad8 17. a3 Kh8 18. b4 Bxc3 19. Qxc3 Qf6 20. Qd3 Qg6
21. c4 e5 22. f5 Qf6 23. Qd2 h6 24. g4 Rg8 25. g5 Qf7 26. g6 Qf6 27. Bxh6
Qh4 28. Bg5 Qg3+ 29. Qg2 Qxg2+ 30. Kxg2 Rdf8 31. f6 gxf6 32. Bxf6+ Rxf6 33.
Rxf6 Ne7 34. Rf7 Rxg6+ 35. Kf2 Rg7 36. Rxg7 Kxg7 37. c5 Nc8 38. Rb1 dxc5 39.
bxc5 b6 40. cxb6 cxb6 41. a4 Nd6 42. Rxb6 Nxe4+ 43. Ke3 Nc5 44. Rc6 Nxa4 45.
Rxa6 Nc5 46. Ra5 Ne6 47. Rxe5 Kf6 48. Re4 Ng5 49. Rf4+ Kg6 50. h4 Ne6 51.
Rf3 Kh5 52. Rh3 Kg4 53. Rh1 Kh5 54. Kf3 Nd4+ 55. Kg3 Nf5+ 56. Kf4 Nh6 57.
Kg3 Nf5+ 58. Kh3 Ng7 59. Rf1 Kg6 60. Rg1+ Kh6 61. Rg5 Ne6 62. Re5 Ng7 63.
Kg4 Kg6 64. h5+ Kh6 65. Rg5 Kh7 66. Rg6 Kh8 67. h6 Ne8 68. Kg5 Kh7 69. Kh5
Kh8 70. Re6 Kh7 71. Re7+ {Black resigns} 1-0

[Event "ICC tourney 2148 (70 10)"]
[Site "Internet Chess Club"]
[Date "2020.11.21"]
[Round "2"]
[White "Phineashrad"]
[Black "Aarav10"]
[Result "1-0"]
[ICCResult "Black checkmated"]
[WhiteElo "1042"]
[BlackElo "246"]
[Opening "two knights defense: Fegatello attack"]
[ECO "C57"]
[NIC "KP.01"]
[Time "16:02:40"]
[TimeControl "4200+10"]

1. e4 e5 2. Nf3 Nc6 3. Bc4 Nf6 4. Ng5 d5 5. exd5 Nxd5 6. Nxf7 Kxf7 7. Qf3+
Ke8 8. Bxd5 Qe7 9. Bxc6+ bxc6 10. Qxc6+ Bd7 11. Qxa8+ Qd8 12. Qxd8+ Kxd8 13.
O-O Bd6 14. Nc3 Rf8 15. Ne4 Bf5 16. Nxd6 cxd6 17. d3 Bg6 18. Be3 d5 19. Bxa7
Rf7 20. Bc5 Rc7 21. b4 e4 22. dxe4 Bxe4 23. a4 d4 24. Bb6 Bxc2 25. Bxc7+
Kxc7 26. Rfc1 d3 27. Rxc2+ dxc2 28. Rc1 Kb6 29. Rxc2 Ka6 30. b5+ Ka5 31. Rc5
Kxa4 32. b6 Kb4 33. b7 Kxc5 34. b8=Q Kd5 35. Qh8 Ke5 36. Qxg7+ Kf4 37. Qxh7
Ke5 38. Qd7 Kf4 39. h4 Ke5 40. h5 Kf4 41. h6 Kg5 42. h7 Kg6 43. h8=Q Kg5 44.
Qe5+ Kg6 45. Qdf5+ Kh6 46. Qef6# {Black checkmated} 1-0

[Event "ICC tourney 2148 (70 10)"]
[Site "Internet Chess Club"]
[Date "2020.11.21"]
[Round "2"]
[White "PeterT"]
[Black "ydouneed2know"]
[Result "0-1"]
[ICCResult "White checkmated"]
[WhiteElo "499"]
[BlackElo "1118"]
[Opening "Giuoco Pianissimo: Canal variation"]
[ECO "C50"]
[NIC "IG.02"]
[Time "16:03:06"]
[TimeControl "4200+10"]

1. e4 e5 2. Nf3 Nc6 3. Bc4 Bc5 4. Nc3 Nf6 5. d3 d6 6. Bg5 h6 7. Bh4 g5 8.
Bg3 Nd4 9. Nxd4 Bxd4 10. Nd5 Be6 11. Qd2 c6 12. Qa5 Qxa5+ 13. c3 cxd5 14.
Bxd5 Nxd5 15. O-O Nxc3 16. bxc3 Qxc3 17. Rac1 Qxd3 18. Rcd1 Qxe4 19. Rde1
Qg6 20. Re2 Rc8 21. Ree1 Bxa2 22. Rc1 Rxc1 23. Rxc1 Be6 24. Rc8+ Bxc8 25.
Kf1 Qd3+ 26. Kg1 Qd1# {White checkmated} 0-1

[Event "ICC tourney 2148 (70 10)"]
[Site "Internet Chess Club"]
[Date "2020.11.21"]
[Round "2"]
[White "leonvarghese"]
[Black "funstyle"]
[Result "0-1"]
[ICCResult "White checkmated"]
[WhiteElo "474"]
[BlackElo "1057"]
[Opening "French defense"]
[ECO "C00"]
[NIC "FR.01"]
[Time "16:02:51"]
[TimeControl "4200+10"]

1. e4 e6 2. Nf3 d5 3. exd5 exd5 4. Nc3 Nf6 5. d4 Bf5 6. Bf4 c6 7. Bd3 Be6 8.
Ng5 Bd6 9. Bxd6 Qxd6 10. Nxe6 Qxe6+ 11. Qe2 Qxe2+ 12. Bxe2 O-O 13. O-O Nbd7
14. Rad1 Rfe8 15. Rd2 Ne4 16. Nxe4 Rxe4 17. c3 Rae8 18. Bf3 Re1 19. h3 h6
20. Rxe1 Rxe1+ 21. Kh2 Nf6 22. b4 Ne4 23. Rd3 Nxf2 24. Rd2 Ne4 25. Bxe4 Rxe4
26. a4 Re3 27. Rc2 g6 28. c4 Rd3 29. cxd5 cxd5 30. Rc8+ Kg7 31. Rc7 Rxd4 32.
b5 Rxa4 33. Rxb7 d4 34. Kg1 Rb4 35. Kf2 Kf6 36. Ke2 Ke5 37. Kd3 Rb3+ 38. Kc4
Rc3+ 39. Kb4 Rc8 40. Rxa7 Ke4 41. b6 Rb8 42. b7 d3 43. Kc3 Ke3 44. g3 Ke2
45. Kc4 d2 46. Kc5 d1=Q 47. Kc6 Qc1+ 48. Kb6 Qe3+ 49. Kc7 Qxa7 50. g4 Qxb7+
51. Kd6 Re8 52. h4 Qe4 53. Kd7 Qe7+ 54. Kc6 Rc8+ 55. Kd5 Rd8+ 56. Kc6 Qd7+
57. Kb6 Rc8 58. Ka6 Qc6+ 59. Ka7 Ra8# {White checkmated} 0-1

[Event "ICC tourney 2148 (70 10)"]
[Site "Internet Chess Club"]
[Date "2020.11.21"]
[Round "2"]
[White "shalinblitz"]
[Black "AlexRashkovan"]
[Result "1-0"]
[ICCResult "Black checkmated"]
[WhiteElo "1207"]
[BlackElo "776"]
[Opening "two knights defense: Bogolyubov variation"]
[ECO "C58"]
[NIC "KP.01"]
[Time "16:02:51"]
[TimeControl "4200+10"]

1. e4 e5 2. Nf3 Nc6 3. Bc4 Nf6 4. Ng5 d5 5. exd5 Na5 6. Bb5+ c6 7. dxc6 bxc6
8. Qf3 Bb7 9. Bd3 h6 10. Ne4 c5 11. Nxf6+ gxf6 12. Bb5+ Ke7 13. Qe3 Qd4 14.
Qxd4 cxd4 15. f3 e4 16. fxe4 Bxe4 17. O-O Bxc2 18. d3 Rb8 19. Na3 Bg7 20.
Re1+ Kd8 21. Bf4 Rb7 22. Rac1 Bxd3 23. Bxd3 Rxb2 24. Bc7+ Kd7 25. Bf5#
{Black checkmated}
1-0

[Event "ICC tourney 2148 (70 10)"]
[Site "Internet Chess Club"]
[Date "2020.11.21"]
[Round "2"]
[White "Maximusiv"]
[Black "AtharvRB"]
[Result "1/2-1/2"]
[ICCResult "Game drawn by repetition"]
[WhiteElo "1042"]
[BlackElo "256"]
[Opening "King's pawn game"]
[ECO "C50"]
[NIC "IG.03"]
[Time "16:02:51"]
[TimeControl "4200+10"]

1. e4 e5 2. Nf3 Nc6 3. Bc4 Nd4 4. Bxf7+ Kxf7 5. Nxe5+ Ke8 6. c3 Nc6 7. Qh5+
g6 8. Nxg6 hxg6 9. Qxg6+ Ke7 10. Qg5+ Ke8 11. Qg6+ Ke7 12. Qg5+ Ke8 13. Qg6+
Ke7 14. Qg5+ {Game drawn by repetition} 1/2-1/2